Match 39831985
Unlisted

Match 39831985
End
Kettenkrad Recon Vehicle
Construct Infanterie Kompanie
Construct Infanterie Kompanie
Construct Infanterie Kompanie
Selects Mechanized Battlegroup
Pioneer Squad
MG 42 Machine Gun Team
Grenadier Squad
Construct Panzergrenadier Kompanie
Grenadier Squad
Panzergrenadier Squad
Selects Raid Package
Medical Bunker
Panzergrenadier Squad
Construct Panzer Kompanie
Panzergrenadier Officer Quarters
Pak 40 Anti-tank Gun Team
Selects 8 Rad Armored Car
8 Rad Armored Car
Selects UNKNOWN (2160084)
Selects Spotting Scopes
Panther Heavy Tank
Pioneer Squad
Panther Heavy Tank
Panzer Officer Quarters
Sturmpanzer IV Brummbär
Pioneer Squad
Selects Wespe Self-propelled Artillery
Selects Mechanized Assault
Mechanized Assault
Mechanized Assault
Panther Heavy Tank
Repair Bunker
Mechanized Assault
Side Skirts
Medical Bunker
Panther Heavy Tank
Panther Heavy Tank
Grenadier Squad
Spectator
Door
aSIINiedi
Monkey CPU
Mike
Attitude Adjuster
DaMayzr
ArmouredTopHat
0
0

Comments sign in to comment!

No comments posted yet!